 Dungeon Crawl Stone Soup version 0.26-a0-597-gb535b0901c (webtiles) character file.

Game seed: 12116973130800449495

41066 HoaS the Peltast (level 14, -6/110 HPs)
             Began as a Formicid Fighter on Aug 30, 2020.
             Was the Champion of Makhleb.
             Mangled by a cane toad (38 damage)
             ... on level 6 of the Lair of Beasts.
             The game lasted 00:40:13 (14658 turns).

HoaS the Peltast (Formicid Fighter)                Turns: 14658, Time: 00:40:14

Health: -6/110     AC: 23    Str: 25    XL:     14   Next: 48%
Magic:  14/14      EV: 16    Int:  9    God:    Makhleb [******]
Gold:   684        SH:  0    Dex: 16    Spells: 13/13 levels left

rFire    . . .     SeeInvis +   a - +2 quarterstaff (venom)
rCold    . . .     Faith    .   c - +2 tower shield {AC+3}
rNeg     . . .     Spirit   .   x - +0 plate armour of Uczin {Rampage rElec Slay+6 Stlth-}
rPois    .         Reflect  .   (helmet unavailable)
rElec    +         Harm     .   q - +1 cloak
rCorr    .                      (no gloves)
MR       +....                  w - +2 pair of boots
Stlth    ..........             (no amulet)
HPRegen  0.28/turn              g - +6 ring of dexterity
MPRegen  0.14/turn              C - +4 ring of evasion

@: mighty, sleeping
A: permanent stasis, dig shafts and tunnels, four strong arms, antennae 3
a: Dig, Shaft Self, Minor Destruction, Lesser Servant of Makhleb, Major
Destruction, Greater Servant of Makhleb, Renounce Religion


You were on level 6 of the Lair of Beasts.
You worshipped Makhleb.
Makhleb was exalted by your worship.
You visited 3 branches of the dungeon, and saw 17 of its levels.

You collected 1116 gold pieces.
You spent 432 gold pieces at shops.

Inventory:

Hand Weapons
 a - a +2 quarterstaff of venom (weapon)
Armour
 c - a +2 tower shield of protection (worn)
 q - a +1 cloak (worn)
 w - a +2 pair of boots (worn)
 x - the +0 plate armour of Uczin (worn) {Rampage rElec Slay+6 Stlth-}
   (You found it on level 7 of the Dungeon)

   It affects your accuracy and damage with ranged weapons and melee attacks
   (+6).
   It insulates you from electricity.
   It bestows one free step when moving towards enemies.
   It makes you less stealthy.
Jewellery
 g - a +6 ring of dexterity (left hand)
 B - an uncursed ring of resist corrosion
 C - a +4 ring of evasion (right hand)
 G - an uncursed ring of protection from magic
 L - an uncursed ring of protection from cold {unknown}
Wands
 b - a wand of paralysis (12)
 e - a wand of polymorph (17)
 i - a wand of random effects (21)
 j - a wand of flame (50)
 s - a wand of iceblast (5)
 v - a wand of enslavement (5)
 D - a wand of digging (6)
 K - a wand of disintegration (16)
Scrolls
 d - a scroll of brand weapon
 l - 6 scrolls of fog
 n - 2 scrolls of enchant weapon
 o - 4 scrolls of remove curse
 r - 4 scrolls of identify
 y - a scroll of fear
 E - 2 scrolls of magic mapping
Potions
 f - 5 potions of curing
 h - 6 potions of heal wounds
 k - 4 potions of flight
 m - a potion of cancellation
 p - a potion of invisibility
 t - a potion of mutation
 u - 2 potions of stabbing
 F - a potion of resistance
 H - 2 potions of lignification {unknown}
 I - 2 potions of magic {unknown}
 J - 6 potions of ambrosia {unknown}
Miscellaneous
 A - a tin of tremorstones (3/3)


   Skills:
 + Level 10.1 Fighting
 - Level 14.0 Staves
 + Level 10.0 Armour
 + Level 7.9 Dodging
 - Level 15.0 Shields


You had 13 spell levels left.
You didn't know any spells.
Your spell library contained the following spells:

 Spells                   Type           Power        Failure   Level
 Apportation              Tloc           #.....       99%         1
 Corona                   Hex            #......      99%         1
 Freeze                   Ice            #...         99%         1
 Magic Dart               Conj           #...         99%         1
 Call Imp                 Summ           #.......     99%         2
 Ensorcelled Hibernation  Hex/Ice        #.....       99%         2
 Searing Ray              Conj           #.....       99%         2
 Slow                     Hex            #.......     99%         2
 Confusing Touch          Hex            #.......     100%        3
 Conjure Flame            Conj/Fire      #.......     100%        3
 Dazzling Flash           Conj/Hex       #.....       100%        3
 Frozen Ramparts          Ice            #.....       100%        3
 Gell's Gravitas          Tloc           #.........   100%        3
 Mephitic Cloud           Conj/Pois/Air  #.......     100%        3
 Ozocubu's Armour         Ice            #.......     100%        3
 Portal Projectile        Hex/Tloc       #.....       100%        3
 Tukima's Dance           Hex            #.......     100%        3
 Cause Fear               Hex            #.........   100%        4
 Fulminant Prism          Conj/Hex       #.........   100%        4
 Hailstorm                Conj/Ice       #.......     100%        4
 Iskenderun's Mystic Bla  Conj/Tloc      #.......     100%        4
 Summon Ice Beast         Ice/Summ       #.......     100%        4
 Silence                  Hex/Air        #.........   100%        5
 Yara's Violent Unravell  Hex/Tmut       #.........   100%        5
 Malign Gateway           Summ/Tloc      #.........   100%        7
 Discord                  Hex            #.........   100%        8
 Blink                    Tloc           Unusable     N/A         2

Dungeon Overview and Level Annotations

Branches:
Dungeon (10/15)            Temple (1/1) D:7            Lair (5/6) D:10
 Shoals (0/4) Lair:2        Snake (0/4) Lair:2        Slime (0/5) Lair:6
    Orc: D:9-12

Altars:
Ashenzari
Cheibriados
Dithmenos
Elyvilon
Fedhas
Gozag
Hepliaklqana
Kikubaaqudgha
Makhleb
Nemelex Xobeh
Okawaru
Qazlal
Ru
Sif Muna
Trog
Uskayaw
Vehumet
Wu Jian
Xom
Yredelemnul
Zin
The Shining One
Beogh

Shops:
D:6 =   D:9 (   D:10 :[

Annotations:
D:7 2 transporters, Goblin1989's ghost, novice SpBr


Innate Abilities, Weirdness & Mutations

You cannot be hasted, slowed, berserked, paralysed or teleported.
You can dig through walls and to a lower floor.
Your four strong arms can wield two-handed weapons with a shield.
You have a pair of large antennae on your head. (SInv)


Message History

You bludgeon the blink frog!!
The blink frog looks as sick as possible!
The blink frog is heavily wounded.
You block the yak's attack. x2; The blink frog blinks!
The yak closely misses you.
You closely miss the cane toad.
The blink frog blinks!
The yak gores you but does no damage.
The dream sheep bites you but does no damage.
You block the dream sheep's attack. You block the blink frog's attack.
The yak barely misses you. You block the yak's attack.
The cane toad stings you but does no damage.
You hit the yak but do no damage. You block the yak's attack.
The yak gores you but does no damage. The blink frog completely misses you.
You sock the yak!
The yak looks as sick as possible!
The yak is moderately wounded.
The dream sheep are wreathed in dream dust.
You feel drowsy...
You fall asleep.
The dream sheep bites you but does no damage.
The cane toad stings you!!!
You die...

8,,,***,,,*≈.≈.≈.≈!≈.≈?.....#,*,,
,,,** **,...≈.≈≈.≈..≈.≈.....#**,,
,,,******#.♣≈≈.≈.≈.≈........##.,,
,,*,*,*,,*♣≈..≈≈.≈..≈...........,
,,,,,,,,,.#..♣♣.YF≈.Y...........>
,*,,,,,,*.PP...♣.♣Y.............,
,,,,,,*,,..P....YkYY........#.#.,
*,**,,*,,.P....YFYJS#.P.P...#*#,,
,,,,,,,,*#.P...F@YYY#.Y..P..#*,,,
*,*,,,*,,#.....YYYY.#.P.......,,,
,,,,,,*,,..P...§Yt......#.....,,,
*****,,,*..PP..........###....,,,
,,,,,,*,,...#...P....#..#*.P.,*,,
**,**,,,,<........F...##.,,,,,,,,
,,,,,,,,,.,...........#*,,,,,,,,,
,,,,*,,,,,.P.......#...,,,,,,,,,,
,,,,,,,,,,,,,,,,,,,,,,,*,,,,,,,,,


You could see a slime creature, 5 yaks, a cane toad, 3 blink frogs, a rime
drake, a water moccasin, a crocodile and 11 dream sheep.

Vanquished Creatures
  A fire dragon (Lair:1)
  2 hydras
  A catoblepas (Lair:3)
  A centaur warrior (D:10)
  2 two-headed ogres
  The ghost of HoaS the Cruncher, a novice FoFi of Makhleb (D:8)
  A hell knight (D:10)
  2 unseen horrors (D:10)
  Maurice (D:10)
  5 elephants (Lair:4)
  Psyche (D:9)
  7 black mambas
  Joseph (D:10)
  9 cane toads
  A rime drake (Lair:2)
  5 komodo dragons
  3 trolls (D:10)
  A queen bee (Lair:5)
  3 meliai (Lair:5)
  A hornet (D:9)
  A polar bear (Lair:4)
  4 hippogriffs
  11 blink frogs
  3 dream sheep (Lair:6)
  Sigmund (D:3)
  A shadow (D:10)
  23 yaks
  4 fire bats (Lair:1)
  3 basilisks
  17 water moccasins
  Duvessa (D:4)
  3 hell hounds (D:10)
  10 porcupines
  A hornet zombie (D:7)
  3 ice beasts
  4 black bears
  7 orc warriors
  6 ogres
  2 sky beasts
  A necrophage (D:9)
  47 wolves
  2 centaurs
  A big kobold (D:8)
  13 crocodiles
  10 bullfrogs
  A gnoll sergeant (D:7)
  Dowan (D:4)
  4 scorpions
  4 wyvern skeletons
  22 killer bees (Lair:5)
  5 wights (D:6)
  5 electric eels (Lair:3)
  2 howler monkeys
  2 centaur zombies
  5 hounds
  3 jellies (D:8)
  10 orc priests
  2 centaur skeletons (D:10)
  3 bullfrog skeletons
  3 iguanas
  Crazy Yiuf (D:5)
  Jessica (D:3)
  Natasha (twice) (D:3)
  18 orc wizards
  6 worker ants
  A howler monkey zombie (D:10)
  4 hound skeletons
  A worker ant zombie (D:5)
  8 gnolls
  2 howler monkey skeletons
  2 river rats (D:4)
  22 adders
  2 shadow imps
  An ufetubus (D:7)
  4 oozes
  An adder zombie (D:8)
  An adder skeleton (D:6)
  3 worms
  4 dart slugs
  4 leopard geckos
  60 orcs
  2 ball pythons
  A giant cockroach (D:3)
  13 goblins
  5 hobgoblins
  4 jackals (D:4)
  3 quokkas
  14 bats
  4 frilled lizards
  10 kobolds
  A leopard gecko skeleton (D:4)
  7 rats
  2 butterflies (Lair:4)
  A fire vortex (Lair:1)
515 creatures vanquished.

Vanquished Creatures (others)
  A hippogriff (Lair:3)
  26 fungi
  72 plants
99 creatures vanquished.

Grand Total: 614 creatures vanquished

Notes
Turn   | Place    | Note
-------+----------+-------------------------------------------
     0 | D:1      | HoaS the Formicid Fighter began the quest for the Orb.
     0 | D:1      | Reached XP level 1. HP: 18/18 MP: 1/1
    85 | D:1      | Reached XP level 2. HP: 20/24 MP: 2/2
   219 | D:1      | Reached skill level 4 in Shields
   296 | D:1      | Reached XP level 3. HP: 29/29 MP: 3/3
   865 | D:2      | Reached XP level 4. HP: 26/35 MP: 4/4
  1234 | D:2      | Reached XP level 5. HP: 41/41 MP: 5/5
  1256 | D:2      | Found a hazy altar of Hepliaklqana.
  1779 | D:3      | Noticed Jessica
  1788 | D:3      | Killed Jessica
  1788 | D:3      | Reached skill level 5 in Shields
  1812 | D:3      | Reached XP level 6. HP: 42/47 MP: 6/6
  1844 | D:3      | Reached skill level 5 in Staves
  2086 | D:3      | Found a transporter.
  2089 | D:3      | Noticed a hippogriff
  2090 | D:3      | Noticed a black bear
  2733 | D:3      | Noticed Natasha
  2742 | D:3      | Killed Natasha
  2878 | D:3      | Found a shimmering altar of Xom.
  2879 | D:3      | Found a transporter.
  2879 | D:3      | Found a radiant altar of Vehumet.
  2879 | D:3      | Noticed Sigmund
  2893 | D:3      | Killed Sigmund
  2893 | D:3      | Reached skill level 6 in Shields
  2893 | D:3      | Reached XP level 7. HP: 37/52 MP: 7/7
  2898 | D:3      | Found an ancient bone altar of Kikubaaqudgha.
  2994 | D:3      | Noticed Natasha
  3001 | D:3      | Killed Natasha
  3071 | D:3      | Killed a hippogriff
  3071 | D:3      | Reached XP level 8. HP: 42/58 MP: 8/8
  3079 | D:3      | Reached skill level 7 in Shields
  3441 | D:4      | You fall into a shaft and drop 3 floors!
  4105 | D:5      | Entered Level 5 of the Dungeon
  4119 | D:5      | Reached skill level 8 in Shields
  4119 | D:5      | Reached XP level 9. HP: 64/64 MP: 9/9
  4531 | D:4      | Found an opulent altar of Gozag.
  4535 | D:4      | Found a white marble altar of Elyvilon.
  4536 | D:4      | Found a shimmering blue altar of Sif Muna.
  4638 | D:4      | Noticed Duvessa
  4638 | D:4      | Noticed Dowan
  4653 | D:4      | Killed Duvessa
  4672 | D:4      | Killed Dowan
  4873 | D:5      | Found a runed translucent door.
  4878 | D:5      | Noticed Crazy Yiuf
  5186 | D:5      | Killed Crazy Yiuf
  5392 | D:6      | Reached skill level 9 in Shields
  5398 | D:6      | Reached skill level 10 in Staves
  5716 | D:6      | Found Odae's Jewellery Emporium.
  6105 | D:7      | Got a dazzling plate armour
  6106 | D:7      | Identified the +0 plate armour of Uczin {Rampage rElec
                  | Slay+6 Stlth-} (You found it on level 7 of the Dungeon)
  6121 | D:7      | Reached XP level 10. HP: 60/70 MP: 10/10
  6134 | D:7      | Found a staircase to the Ecumenical Temple.
  6145 | Temple   | Entered the Ecumenical Temple
  6451 | Temple   | Became a worshipper of Makhleb the Destroyer
  6639 | D:7      | Found a sparkling altar of Nemelex Xobeh.
  6750 | D:7      | Identified the cursed +1 broad axe "Beastslayer" {protect,
                  | Stlth+}
  6750 | D:7      | Noticed a tengu warrior
  6751 | D:7      | Noticed Goblin1989's ghost (novice SpBr)
  6752 | D:7      | Found a transporter.
  6755 | D:7      | Found a transporter.
  6760 | D:7      | Found a bloodstained altar of Trog.
  6760 | D:7      | Identified the cursed +1 robe of Hide-and-Seek {Harm rF+
                  | Dex-2}
  6767 | D:7      | Noticed a moth of wrath
  6851 | D:7      | Reached * piety under Makhleb
  7247 | D:8      | Noticed HoaS's ghost (novice FoFi)
  7248 | D:8      | Found a runed translucent gate.
  7248 | D:8      | Found a runed translucent gate.
  7248 | D:8      | Found a runed translucent gate.
  7252 | D:8      | Found a roughly hewn altar of Beogh.
  7253 | D:8      | Identified the +1 chain mail "Qapne" {+Inv +Fly rC- Int+4}
  7586 | D:9      | Found Goidenkyi's Weapon Emporium.
  7598 | D:9      | Noticed Psyche
  7602 | D:9      | Killed Psyche
  7613 | D:9      | Reached ** piety under Makhleb
  7687 | D:9      | Noticed a two-headed ogre
  7693 | D:9      | Killed a two-headed ogre
  7693 | D:9      | Reached XP level 11. HP: 75/75 MP: 11/11
  7853 | D:9      | Identified 2 scrolls of acquirement
  7853 | D:9      | Acquired a +2 tower shield of cold resistance
  7873 | D:9      | Acquired a +2 tower shield of protection
  8134 | D:10     | Entered Level 10 of the Dungeon
  8377 | D:10     | Noticed a two-headed ogre
  8381 | D:10     | Killed a two-headed ogre
  8381 | D:10     | Reached skill level 10 in Shields
  8436 | D:10     | Noticed Joseph
  8442 | D:10     | Reached skill level 11 in Shields
  8448 | D:10     | Killed Joseph
  8551 | D:10     | Noticed an unseen horror
  8555 | D:10     | Killed an unseen horror
  8555 | D:10     | Reached skill level 12 in Shields
  8586 | D:10     | Noticed Maurice
  8589 | D:10     | Noticed an unseen horror
  8597 | D:10     | Killed Maurice
  8604 | D:10     | Killed an unseen horror
  8729 | D:10     | Reached skill level 13 in Shields
  8939 | D:10     | Identified the Tome of the Compass and Curses
  8959 | D:10     | Found Josytug's Antique Armour Emporium.
  9024 | D:10     | Noticed a centaur warrior
  9039 | D:10     | Killed a centaur warrior
  9039 | D:10     | Reached XP level 12. HP: 62/81 MP: 12/12
  9052 | D:10     | Found a staircase to the Lair.
  9065 | D:10     | Reached *** piety under Makhleb
  9092 | D:10     | Found Vuducant's Book Shop.
  9187 | D:10     | Reached skill level 14 in Shields
  9751 | D:6      | Bought a +4 ring of evasion for 432 gold pieces
  9871 | D:8      | Killed HoaS's ghost
 10130 | D:10     | Noticed a hell knight
 10131 | D:10     | Noticed a hell knight
 10131 | D:10     | Noticed a hell knight
 10131 | D:10     | Noticed a hell knight
 10132 | D:10     | Noticed a hell knight
 10135 | D:10     | Noticed a hell knight
 10139 | D:10     | Noticed a hell knight
 10153 | D:10     | Killed a hell knight
 10153 | D:10     | Reached skill level 15 in Shields
 10239 | Lair:1   | Entered Level 1 of the Lair of Beasts
 10372 | Lair:1   | Reached skill level 1 in Dodging
 10499 | Lair:1   | Noticed a four-headed hydra
 10540 | Lair:1   | Killed a four-headed hydra
 10542 | Lair:1   | Reached skill level 5 in Fighting
 10544 | Lair:1   | Reached skill level 5 in Armour
 10552 | Lair:1   | Reached **** piety under Makhleb
 10631 | Lair:1   | Reached XP level 13. HP: 92/92 MP: 13/13
 11111 | Lair:1   | Noticed a fire dragon
 11146 | Lair:1   | Killed a fire dragon
 11615 | Lair:2   | Found a staircase to the Snake Pit.
 11634 | Lair:2   | Reached skill level 5 in Dodging
 11642 | Lair:2   | Reached ***** piety under Makhleb
 12105 | Lair:2   | Found a staircase to the Shoals.
 12369 | Lair:3   | Noticed a catoblepas
 12479 | Lair:3   | Killed a catoblepas
 12518 | Lair:3   | Noticed a six-headed hydra
 12532 | Lair:3   | Killed a six-headed hydra
 12782 | Lair:3   | You fall into a shaft and drop 1 floor!
 12826 | Lair:4   | Reached XP level 14. HP: 97/106 MP: 14/14
 14384 | Lair:5   | Reached skill level 10 in Fighting
 14426 | Lair:5   | Reached ****** piety under Makhleb
 14514 | Lair:5   | Reached skill level 10 in Armour
 14627 | Lair:5   | You fall into a shaft and drop 1 floor!
 14627 | Lair:6   | Entered Level 6 of the Lair of Beasts
 14658 | Lair:6   | Mangled by a cane toad

Illustrated notes

Levels and vault maps discovered:
D:1:      dpeg_arrival_tiny_a, layout_basic, st_stairs_10,
          chequers_serial_rivers_room_b
D:2:      layout_basic, old_standard_altar
D:3:      layout_loops_ring, gammafunk_temple_overflow_arena, uniq_sigmund,
          uniq_jessica, uniq_natasha
D:4:      layout_basic, minitemple, lightli_sewer_entry_pipes, uniq_duvessa
D:5:      layout_rooms, dk_noncrumbling_3, uniq_crazy_yiuf_cottage
D:6:      layout_basic, serial_shops, nicolae_shop_competitors_out_of_business
D:7:      layout_cave_pools, minmay_temple_entry_gardened_gates,
          gammafunk_ghost_wrathful_warriors, minivault_19,
          nemelex_dance_club_becter
D:8:      layout_cave_pools, biasface_ghost_orc_armoury
D:9:      layout_loops_ring, serial_shops, nicolae_shop_trees, uniq_psyche
D:10:     hangedman_cross_veins, layout_basic, minmay_lair_entry_grove,
          serial_shops, shop, nicolae_shop_overgrown_old_shop,
          minmay_rotating_lava, uniq_maurice, uniq_joseph
Temple:   bh_familiar_temple
Lair:1:   dragon1_lemuel, layout_long_grid, grunt_forest_large_clearings
Lair:2:   layout_cave_pods, shoals_dummy_entry,
          minmay_snake_entry_six_corridors, infiniplex_staircase_pool
Lair:3:   layout_chaotic_city, serial_bayou_lagoon_b
Lair:4:   layout_small_grid, st_stairs_6, lemuel_fruit_fields
Lair:5:   layout_roguey [special_room_bee], minmay_stone_trees_medium,
          lemuel_fruit_tree
Lair:6:   evilmike_catoblepas_cave, layout_loops_ring,
          minmay_slime_entry_pillars, special_room [special_room_mythical_zoo],
          minivault_27, minmay_stone_trees_small, nicolae_quartered_pool_medium,
          serial_bayou_shore_b

Skill      XL: |  1  2  3  4  5  6  7  8  9 10 11 12 13 14 |
---------------+-------------------------------------------+-----
Shields        | 4 5 6 8 9 13 15 | 15.0
Staves         | 3 4 6 7 8 11 13 14 | 14.0
Dodging        | 3 6 7 |  7.9
Fighting       | 5 8 10 | 10.1
Armour         | 5 8 10 | 10.0

Action                   |  1- 3 |  4- 6 |  7- 9 | 10-12 | 13-15 || total
-------------------------+-------+-------+-------+-------+-------++-------
Melee: Quarterstaff      |    96 |   188 |   370 |   577 |   708 ||  1939
 Abil: Dig               |       |     4 |       |     7 |     9 ||    20
Evoke: Wand              |       |       |     2 |     7 |       ||     9
  Use: Scroll            |     3 |     2 |    14 |    11 |     6 ||    36
       Potion            |       |     1 |     1 |     2 |     5 ||     9
 Stab: Invisible         |       |       |       |       |     2 ||     2
       Petrified         |       |       |       |       |     2 ||     2
       Petrifying        |       |       |       |       |     1 ||     1
Armor: Chain mail        |    44 |    77 |    51 |       |       ||   172
       Scale mail        |     7 |       |       |       |       ||     7
       Plate armour      |       |       |    33 |    96 |   119 ||   248
Dodge: Dodged            |    22 |    33 |    56 |    47 |   151 ||   309
Block: Kite shield       |    60 |    84 |   167 |    83 |       ||   394
       Tower shield      |       |       |       |   276 |   545 ||   821

Table legend: (Time is in decaauts)
 A = Elapsed time spent in this place.
 B = Non-inter-level travel time spent in this place.
 C = Inter-level travel time spent in this place.
 D = Time resting spent in this place.
 E = Time spent auto-exploring this place.
 F = Levels seen in this place.
 G = Mean time per level.
                   A        B        C        D        E       F      G
               +--------+--------+--------+--------+--------+-----+--------+
         Total |  14180 |  13318 |    862 |   2260 |   7629 |  17 |  834.1 |
       Dungeon |   9767 |   9065 |    702 |   1751 |   4999 |  10 |  976.7 |
        Temple |    339 |    305 |     34 |    120 |    172 |   1 |  339.0 |
          Lair |   4073 |   3948 |    125 |    389 |   2458 |   6 |  678.8 |
               +--------+--------+--------+--------+--------+-----+--------+

Top non-repeatable levels by time:
    D:10: 1685 daAuts
     D:3: 1559 daAuts
     D:6: 1378 daAuts
  Lair:1: 1129 daAuts
     D:2: 1046 daAuts
  Lair:2: 878 daAuts
  Lair:3: 798 daAuts
     D:7: 783 daAuts
     D:4: 773 daAuts
     D:1: 761 daAuts
  Lair:4: 680 daAuts
     D:8: 672 daAuts
     D:9: 621 daAuts
  Lair:5: 561 daAuts
     D:5: 485 daAuts
